 Dungeon Crawl Stone Soup version 0.31-a0-222-gefeffbb62a (webtiles) character file.

Game seed: 13358887397724359454

4 Ijustatesigmund the Stinger (level 1, 0/12 HPs)
             Began as an Octopode Venom Mage on July 5, 2023.
             Slain by a hobgoblin (4 damage)
             ... on level 1 of the Dungeon.
             The game lasted 00:00:19 (211 turns).

Ijustatesigmund the Stinger (Octopode Venom Mage)    Turns: 211, Time: 00:00:20

Health: 0/12       AC:  1    Str:  7    XL:     1   Next: 60%
Magic:  3/3        EV: 13    Int: 17    God:
Gold:   42         SH:  0    Dex: 12    Spells: 3/4 levels left

rFire   . . .        d - +0 mace
rCold   . . .        (no shield)
rNeg    . . .        (helmet restricted)
rPois   .            (no amulet)
rElec   .            (no ring)
rCorr   .            (no ring)
SInv    .            (no ring)
Will    .....        (no ring)
Stlth   +++          (no ring)
HPRegen 0.22/turn    (no ring)
MPRegen 0.08/turn    (no ring)
                     (no ring)

%: no passive effects
@: no status effects
A: almost no armour, amphibious, 8 rings, camouflage 1, gelatinous body 1,
(nimble swimmer 1), tentacles
a: no special abilities


You were on level 1 of the Dungeon.
You visited 1 branch of the dungeon, and saw 1 of its levels.

You collected 42 gold pieces.

Inventory:

Hand Weapons
 d - a +0 mace (weapon)
Scrolls
 b - a scroll of fear {unknown}
 c - a scroll of teleportation {unknown}
Potions
 a - a potion of magic


   Skills:
 + Level 0.3 Fighting
 - Level 2.0 Dodging
 - Level 2.6 Stealth
 + Level 2.1 Spellcasting
 - Level 1.0 Transmutations
 + Level 3.7 Poison Magic


You had 3 spell levels left.
You knew the following spells:

 Your Spells              Type           Power      Damage    Failure   Level
a - Sting                 Tmut/Pois      36%        1d4       7%          1

Your spell library contained the following spells:

 Spells                   Type           Power      Damage    Failure   Level
 Poisonous Vapours        Pois/Air       16%        N/A       13%         2
 Mephitic Cloud           Conj/Pois/Air  6%         N/A       34%         3
 Olgreb's Toxic Radiance  Pois           14%        N/A       38%         4


Dungeon Overview and Level Annotations

Branches:
Dungeon (1/15)

Altars:


Innate Abilities, Weirdness & Mutations

You cannot wear most types of armour.
You are amphibious.
You can wear up to eight rings at the same time.
Your skin changes colour to match your surroundings (Stealth+).
Your rubbery body absorbs attacks. (AC +1, EV +1)
((You are camouflaged when in or above water. (Stealth+)))
You have tentacles for arms and can constrict up to eight enemies at once.


Message History

Casting: Sting (safe; 8% risk of failure)
Confirm with . or Enter, or press ? or * to list all spells.
You can't see any susceptible monsters within range! (Use Z to cast anyway.)
Casting: Sting (safe; 8% risk of failure)
Confirm with . or Enter, or press ? or * to list all spells.
Aiming: Sting (safe; 8% risk of failure)
Press: ? - help, Shift-Dir - straight line, f - ball python
Aim: a ball python (64% to hit)
The sting hits the ball python.
The ball python is poisoned.
You kill the ball python!
Casting: Sting (safe; 8% risk of failure)
Confirm with . or Enter, or press ? or * to list all spells.
You can't see any susceptible monsters within range! (Use Z to cast anyway.)
Found a mace.
c - a scroll labelled COGEEM KUOZE You see here a +0 mace.
d - a +0 mace
d - a +0 mace (weapon)
A kobold comes into view. It is wielding a +0 whip.
Found a scroll labelled JUTZEJ NUANIUM.
A hobgoblin comes into view.
A goblin comes into view. It is wielding a +0 dagger.
The helpless kobold fails to defend itself.
You hit the kobold.
You kill the kobold!
A goblin comes into view. It is wielding a +0 dagger.
Things that are here:
a +0 whip; a kobold corpse The goblin shouts!
The hobgoblin shouts!
The goblin shouts!
You hear a shout!
A ball python comes into view.
You see here a scroll labelled JUTZEJ NUANIUM.
The goblin barely misses you.
You closely miss the goblin. Your grab misses the goblin.
The goblin hits you but does no damage. The hobgoblin hits you.
The goblin hits you with a +0 dagger. The hobgoblin closely misses you.
A goblin comes into view. It is wielding a +0 club.
There are monsters nearby!
The goblin attacks as you move away! The goblin barely misses you.
The hobgoblin attacks as you move away! The hobgoblin hits you.
You die...

....... ..#
.......#..#
..........#
..#.......#
......S...# g.......#
###.#.ggg#
.......@.##.#
........###....#?....#


PPPPPPPPPPPPPP #)##### PPPPP.....PPPP##.# .PPP.PPPPP.PPP.#.# P.P.PPPPPPP.PP.#.#
PP.PPPPPPPPP.P.#.# PP.PPPPPPPPP.P...# ..<..PPPPPPP.P.### You could see a
hobgoblin, 3 goblins and a ball python.

Vanquished Creatures
  A ball python (D:1)
  A hobgoblin (D:1)
  A frilled lizard (D:1)
  A kobold (D:1)
4 creatures vanquished.

Notes
Turn   | Place    | Note
-------+----------+-------------------------------------------
     0 | D:1      | Ijustatesigmund the Octopode Venom Mage began the quest for
                  | the Orb.
     0 | D:1      | Reached XP level 1. HP: 11/11 MP: 3/3
   211 | D:1      | Slain by a hobgoblin

Illustrated notes

Levels and vault maps discovered:
D:1:      roderic_crop_circles_arrival_large, layout_basic,
          shapermc_ecumenical_altar_gd

Action                     || total
---------------------------++-------
  Melee: Unarmed           ||     3
         Mace              ||     2
         Constrict         ||     1
   Cast: Sting             ||     2
   Stab: Sleeping          ||     1
 Armour: Skin              ||     1
  Dodge: Dodged            ||     4

Table legend: (Time is in decaauts)
 A = Elapsed time spent in this place.
 B = Non-inter-level travel time spent in this place.
 C = Inter-level travel time spent in this place.
 D = Time resting spent in this place.
 E = Time spent auto-exploring this place.
 F = Levels seen in this place.
 G = Mean time per level.
                   A        B        C        D        E       F      G
               +--------+--------+--------+--------+--------+-----+--------+
         Total |    211 |    211 |      0 |      0 |    177 |   1 |  211.0 |
       Dungeon |    211 |    211 |      0 |      0 |    177 |   1 |  211.0 |
               +--------+--------+--------+--------+--------+-----+--------+

Top non-repeatable levels by time:
     D:1: 211 daAuts
